 Dungeon Crawl Stone Soup version 0.17-a0-1093-g0b3cd89 (webtiles) character file.

438 Vivisectus the Skirmisher (level 6, 0/56 HPs)
             Began as a Minotaur Fighter on May 20, 2015.
             Was a Follower of Okawaru.
             Slain by a crimson imp (2 damage)
             ... on level 5 of the Dungeon.
             The game lasted 00:10:00 (3152 turns).

Vivisectus the Skirmisher (Minotaur Fighter)        Turns: 3152, Time: 00:10:00

Health: 0/56       AC:  7    Str: 26    XL:     6   Next: 69%
Magic:  5/5        EV:  8    Int:  5    God:    Okawaru [*.....]
Gold:   236        SH: 10    Dex: 11    Spells: 0 memorised, 5 levels left

rFire  . . .     SeeInvis .     a - +0 war axe
rCold  . . .     Clarity  .     b - +0 scale mail
rNeg   . . .     SustAb   .     c - +0 shield
rPois  .         Gourm    .     (helmet restricted)
rElec  .         Spirit   .     (no cloak)
rCorr  .         Warding  .     (no gloves)
rMut   .         Stasis   .     (no boots)
MR     .....                    (no amulet)
Stlth  ..........               (no ring)
                                (no ring)

@: mighty, not resistant to hostile enchantments, extremely unstealthy
A: retaliatory headbutt, horns 2
a: Heroism, Renounce Religion


You were on level 5 of the Dungeon.
You worshipped Okawaru.
Okawaru was aware of your devotion.
You were very hungry.

You visited 1 branch of the dungeon, and saw 5 of its levels.

You collected 236 gold pieces.

Inventory:

Hand weapons
 a - a +0 war axe (weapon)
 l - a +0 dagger of venom
Armour
 b - a +0 scale mail (worn)
 c - a +0 shield (worn)
Scrolls
 f - 3 scrolls of identify {unknown}
 g - 2 scrolls of noise {unknown}
 h - 3 scrolls of remove curse {unknown}
 k - a scroll of magic mapping {unknown}
 q - a scroll of fear {unknown}
 r - 2 scrolls of enchant armour {unknown}
 t - 2 scrolls of enchant weapon {unknown}
 w - 3 scrolls of teleportation {unknown}
 x - a scroll of amnesia {unknown}
Potions
 i - a potion of curing {unknown}
 j - a potion of agility {unknown}
 m - a potion of lignification {unknown}
 n - a potion of ambrosia {unknown}
 o - 2 potions of heal wounds {unknown}
 s - a potion of brilliance {unknown}
 u - a potion of invisibility {unknown}
 z - a potion of magic {unknown}
Comestibles
 e - 6 bread rations
 p - a meat ration
 v - 4 fruits
 A - a beef jerky


   Skills:
 + Level 5.6 Fighting
 + Level 4.7 Axes
 + Level 5.5 Armour
 + Level 5.4 Shields


You had 5 spell levels left.
You didn't know any spells.

Dungeon Overview and Level Annotations

Branches:
Dungeon (5/15)             Temple (0/1) D:4

Altars:
Cheibriados
Elyvilon
Gozag
Nemelex Xobeh
Okawaru
Qazlal
Ru

Shops:
D:4 }


Innate Abilities, Weirdness & Mutations

You reflexively headbutt those who attack you in melee.
You have a pair of horns on your head.


Message History

Okawaru accepts your kill.
Your scale mail prevents you from hitting the hobgoblin.
You hit the plant but do no damage.
The plant is heavily damaged.
You hit the plant.
The plant is lightly damaged.
You hit the plant.
The plant is lightly damaged.
The hobgoblin hits you but does no damage.
You slice the quokka skeleton!!
You destroy the quokka skeleton!
Okawaru accepts your kill.
You closely miss the hobgoblin. You slash the plant!
The plant is severely damaged.
You hit the plant.
The plant is lightly damaged.
You completely miss the plant.
The plant is lightly damaged.
You block the hobgoblin's attack. The crimson imp hits you.
You die...

##.####..# #
#.......#####
#...<.......#
###########..##### # #
..............# ._ #
........P...P.# ##. #
...♣♣♣..P♣♣♣..# .. #
♣P..♣ ♣..# #.###
...♣♣♣P@.♣♣♣..# #....
P...P.g5P.P.P.##.###..##
.......)).....##........
..P.P.P...PPP.######..##
P..♣♣♣...♣♣♣..# #..#


P.P ♣P..♣ ..# ####..# .. ♣...♣ .# #.....# ...P. #.###.# ..... #.# #.# You could
see a crimson imp and a hobgoblin.

Vanquished Creatures
  2 ogres (D:5)
  A scorpion (D:4)
  A centaur zombie (D:5)
  A crimson imp (D:5)
  A giant frog skeleton (D:4)
  5 adders
  An ooze (D:2)
  2 worms
  3 orcs
  A ball python (D:3)
  8 bats
  2 giant cockroaches
  9 hobgoblins
  2 jackals (D:5)
  8 kobolds
  3 quokkas
  4 giant geckos
  5 giant newts
  7 goblins
  2 quokka skeletons
  6 rats
74 creatures vanquished.

Notes
Turn   | Place    | Note
--------------------------------------------------------------
     0 | D:1      | Vivisectus the Minotaur Fighter began the quest for the Orb.
     0 | D:1      | Reached XP level 1. HP: 19/19 MP: 0/0
   141 | D:1      | Reached XP level 2. HP: 27/27 MP: 1/1
   479 | D:1      | Reached skill level 4 in Armour
   851 | D:2      | Found an iron altar of Okawaru.
   860 | D:2      | Became a worshipper of Warmaster Okawaru
  1148 | D:2      | Reached XP level 3. HP: 33/33 MP: 2/2
  1290 | D:2      | Found a sparkling altar of Nemelex Xobeh.
  1290 | D:2      | Found a snail-covered altar of Cheibriados.
  1291 | D:2      | Found a stormy altar of Qazlal.
  1593 | D:3      | Found a sacrificial altar of Ru.
  1676 | D:3      | Reached XP level 4. HP: 34/41 MP: 3/3
  1719 | D:3      | Found a white marble altar of Elyvilon.
  2254 | D:4      | Found Hepluqop's Gadget Shop.
  2520 | D:4      | Reached XP level 5. HP: 42/47 MP: 4/4
  2962 | D:4      | Found a staircase to the Ecumenical Temple.
  2966 | D:4      | Reached skill level 5 in Fighting
  2985 | D:5      | Entered Level 5 of the Dungeon
  3007 | D:5      | Reached skill level 5 in Armour
  3008 | D:5      | Found an opulent altar of Gozag.
  3110 | D:5      | Acquired Okawaru's first power
  3110 | D:5      | Reached skill level 5 in Shields
  3140 | D:5      | Noticed an ogre
  3145 | D:5      | Noticed an ogre
  3148 | D:5      | Killed an ogre
  3148 | D:5      | Reached XP level 6. HP: 8/56 MP: 5/5
  3150 | D:5      | HP: 2/56 [ogre/giant club (7)]
  3151 | D:5      | Killed an ogre
  3152 | D:5      | Slain by a crimson imp

Vault maps used:
D:1:      dpeg_arrival_water_temple_mockup, wad_floor_pattern_untrapped
D:2:      lemuel_round_altar, gammafunk_temple_overflow_claw, first_bread
D:3:      elyvilon_altar_5, nicolae_ru_sacrificial_ziggurat
D:4:      minmay_temple_entry_enclosed_plants, serial_shops,
          nicolae_shop_crystal, grunt_decor_one_mirror
D:5:      gammafunk_temple_overflow_elements, lemuel_crystal_altar,
          nicolae_gozag_cash_rules_everything_around_me, kennysheep_boxes,
          uniq_blork_the_orc, uniq_sigmund

Action                   |  1- 3 |  4- 6 || total
-------------------------+-------+-------++-------
Melee: War axe           |    84 |    84 ||   168
  Use: Potion            |       |     1 ||     1
  Eat: Chunk             |     2 |     4 ||     6
